 Dungeon Crawl Stone Soup version 0.32-a0-576-g706899e69d (webtiles) character file.

Game seed: 1783250354311406836

5471 horus123 the Basher (level 10, -3/76 HPs)
             Began as a Demonspawn Gladiator on Mar 1, 2024.
             Was a Believer of Qazlal.
             Shot with an arrow by a centaur warrior (23 damage)
             ... on level 9 of the Dungeon.
             The game lasted 00:17:02 (8524 turns).

horus123 the Basher (Demonspawn Gladiator)          Turns: 8524, Time: 00:17:02

Health: -3/76      AC: 12    Str: 17    XL:     10   Next: 42%
Magic:  19/20      EV: 13    Int: 10    God:    Qazlal [**....]
Gold:   633        SH:  3    Dex: 15    Spells: 7/23 levels left

rFire   . . .        H - +12 mace "Tubal" {venom, rElec}
rCold   . . .        (no shield)
rNeg    . . .        y - +0 steam dragon scales
rPois   .            c - +0 helmet
rElec   +            (no cloak)
rCorr   .            i - +0 pair of gloves
SInv    .            (no boots)
Will    .....        (no amulet)
Stlth   +            K - ring of wizardry
HPRegen 0.32/turn    q - +4 ring of protection
MPRegen 0.17/turn

%: wizardry (x1)
@: no status effects
A: powered by death 2, sturdy frame 1, demonic magic 1, weakness stinger 2
a: Renounce Religion, Upheaval


You were on level 9 of the Dungeon.
You worshipped Qazlal.
Qazlal was pleased with you.
You visited 2 branches of the dungeon, and saw 10 of its levels.

You collected 633 gold pieces.

Inventory:

Hand Weapons
 a - a +0 flail of freezing
 g - a +0 morningstar
 s - a +0 great mace
 H - the +12 mace "Tubal" (weapon) {venom, rElec}
   (You found it on level 7 of the Dungeon)

   rElec:     It insulates you from electricity.
Missiles
 d - 6 throwing nets
 e - a javelin
 u - 7 boomerangs
Armour
 c - a +0 helmet (worn)
 i - a +0 pair of gloves (worn)
 j - a +0 scale mail
 y - +0 steam dragon scales (worn)
 F - a +2 robe of positive energy
 L - a +0 chain mail
Jewellery
 m - a ring of poison resistance
 q - a +4 ring of protection (right hand)
 w - a +5 ring of evasion
 K - a ring of wizardry (left hand)
Wands
 n - a wand of digging (6)
 v - a wand of roots (24)
 B - a wand of paralysis (4)
 D - a wand of flame (20)
Scrolls
 b - 3 scrolls of poison
 f - a scroll of fog
 k - a scroll of teleportation
 l - a scroll of revelation
 o - 3 scrolls of silence
 C - a scroll of amnesia {unknown}
 M - a scroll of immolation
 N - 2 scrolls of enchant armour {unknown}
 O - a scroll of identify
Potions
 h - a potion of mutation {unknown}
 p - a potion of might {unknown}
 r - a potion of curing {unknown}
 t - 2 potions of brilliance {unknown}
 x - a potion of invisibility {unknown}
 z - 2 potions of magic {unknown}
 A - a potion of cancellation {unknown}
 E - a potion of haste {unknown}
 G - a potion of attraction {unknown}
 I - a potion of degeneration {unknown}
 J - a potion of lignification {unknown}


   Skills:
 - Level 6.0 Fighting
 - Level 8.0 Maces & Flails
 - Level 1.7 Throwing
 - Level 6.0 Armour
 - Level 3.0 Dodging
 - Level 7.0 Spellcasting
 - Level 2.2 Hexes
 + Level 5.1 Fire Magic


You had 7 spell levels left.
You knew the following spells:

 Your Spells              Type           Power      Damage    Failure   Level
a - Tukima's Dance        Hex            7%         N/A       9%          3
b - Yara's Violent Unrav  Hex/Alch       2%         3d3       75%         5
c - Scorch                Fire           26%        2d6       1%          2
d - Blink                 Tloc           6%         N/A       12%         2
e - Flame Wave            Conj/Fire      8%         2d5       26%         4

Your spell library contained the following spells:

 Spells                   Type           Power      Damage    Failure   Level
 Lesser Beckoning         Tloc           6%         N/A       12%         2
 Momentum Strike          Conj/Tloc      6%         3d8       12%         2
 Passage of Golubria      Tloc           3%         N/A       56%         4
 Summon Cactus Giant      Summ           1%         N/A       100%        6


Dungeon Overview and Level Annotations

Branches:
Dungeon (9/15)             Temple (1/1) D:4            Lair (0/5) D:8
    Orc: D:9-12

Altars:
Ashenzari
Cheibriados
Fedhas
Gozag
Kikubaaqudgha
Makhleb
Nemelex Xobeh
Okawaru
Qazlal
Ru
Sif Muna
Trog
Uskayaw
Vehumet
Wu Jian
Xom
Yredelemnul

Shops:
D:5 !*


Innate Abilities, Weirdness & Mutations

You regenerate health from kills.
Your movements are slightly less encumbered by armour. (ER -2)
Spells you cast may paralyse adjacent enemies.
You have a tail ending in a sharp stinger.


Message History

Items here: )) ÷÷.
Items here: ) [[ ÷.
Found a blade talisman.
O - a scroll of identify
Found a robe.
You hear a shout!
Found a white marble altar of Elyvilon.
A centaur comes into view.
A centaur is nearby!
No reachable target in view!
Found a wand of flame (8).
The centaur shouts!
The centaur wields a +0 shortbow.
The centaur shoots an arrow.
The arrow barely misses you.
You hear a shout!
Aiming: Tukima's Dance (dangerous; 9% risk of failure)
Press: ? - help, Q - select action, (/) - cycle Shift-Dir - straight line, f - centaur
Aim: a centaur, wielding a +0 shortbow (chance to affect: 40%)
The centaur resists with some effort.
Malevolent energies surge around you.
A centaur warrior comes into view.
The centaur warrior wields a +0 orcbow.
The centaur warrior shoots an arrow.
The arrow hits you!
The centaur shoots an arrow.
The arrow hits you but does no damage.
Aiming: Tukima's Dance (dangerous; 9% risk of failure)
Press: ? - help, Q - select action, (/) - cycle Shift-Dir - straight line, f - centaur warrior, p - centaur
Aim: a centaur warrior, wielding a +0 orcbow (chance to affect: 24%)
Okay, then.
The centaur shoots an arrow.
The arrow hits you.
The centaur shoots an arrow.
You block the arrow.
The centaur warrior shoots an arrow.
The arrow hits you but does no damage.
The centaur shoots an arrow.
The arrow hits you but does no damage.
As you read the scroll of fog, it dissolves into smoke.
The centaur warrior shoots an arrow.
The arrow hits you!!
The centaur shoots an arrow.
You block the arrow.
The centaur warrior shoots an arrow.
The arrow closely misses you.
The centaur shoots an arrow.
The arrow hits you.
The centaur warrior shoots an arrow.
The arrow hits you!
* * * LOW HITPOINT WARNING * * *
The centaur warrior shoots an arrow.
The arrow hits you!!
You die...

#..# #..# #..# #..# #..#
####### #..###############
####.....#####.............)...
.............○.................
≈≈≈≈.≈§c......@................
§.....≈...§.....###############
≈≈≈≈≈.§§.§§§....#
≈...§.≈.§§c.§...#
§._§§.≈§§§§§§...#
≈§§§§.≈§§§§§§...#
§≈§c§.≈..§.§§...#
..!§.§≈.........#
≈≈≈≈≈≈≈.........###############


You could see a centaur warrior and a centaur.

Vanquished Creatures
  Pikel (D:6)
  An efreet (D:9)
  Grinder (D:3)
  3 slime creatures
  A wyvern (D:9)
  5 yaks (D:8)
  4 steam dragons
  A water moccasin (D:7)
  2 ice beasts
  2 black bears (D:6)
  3 centaurs
  2 lemures (D:6)
  3 kobold brigands
  A bullfrog (D:7)
  A gnoll sergeant (D:9)
  4 scorpions
  5 wights (D:8)
  9 killer bees
  2 howler monkeys
  A gnoll bouda (D:5)
  A jelly (D:6)
  A bombardier beetle (D:5)
  2 hounds (D:6)
  A sleepcap (D:6)
  Jessica (D:2)
  2 iguanas
  An orc wizard (D:5)
  Ijyb (D:3)
  3 scorpion zombies (D:4)
  Natasha (thrice) (D:4)
  A hound zombie (D:4)
  7 gnolls
  5 adders
  A white imp (D:7)
  7 ufetubi
  An adder zombie (D:4)
  A ribbon worm (D:2)
  4 dart slugs
  17 orcs
  7 bats
  12 endoplasms
  4 giant cockroaches
  5 goblins
  12 hobgoblins
  22 kobolds
  7 quokkas
  7 ball pythons
  8 frilled lizards
  4 rats
200 creatures vanquished.

Vanquished Creatures (others)
  A dancing weapon (D:9)
1 creature vanquished.

Grand Total: 201 creatures vanquished

Notes
Turn   | Place    | Note
-------+----------+-------------------------------------------
     0 | D:1      | horus123 the Demonspawn Gladiator began the quest for the
                  | Orb.
     0 | D:1      | Reached XP level 1. HP: 16/16 MP: 1/1
   156 | D:1      | Reached skill level 3 in Maces & Flails
   284 | D:1      | Gained mutation: Your movements are slightly less
                  | encumbered by armour. (ER -2) [demonic ancestry]
   284 | D:1      | Reached XP level 2. HP: 22/22 MP: 2/2
   617 | D:1      | Gained mutation: You have a small tail. [demonic ancestry]
   617 | D:1      | Reached XP level 3. HP: 22/27 MP: 3/3
  1035 | D:2      | Reached skill level 4 in Maces & Flails
  1384 | D:2      | Noticed Jessica
  1387 | D:2      | Killed Jessica
  1388 | D:2      | Reached XP level 4. HP: 31/33 MP: 4/4
  1693 | D:3      | Reached skill level 5 in Maces & Flails
  1722 | D:3      | Noticed Grinder
  1739 | D:3      | Killed Grinder
  1740 | D:3      | Reached skill level 6 in Maces & Flails
  1740 | D:3      | Gained mutation: You regenerate a little health from kills.
                  | [demonic ancestry]
  1740 | D:3      | Reached XP level 5. HP: 19/38 MP: 5/5
  1740 | D:3      | Gained mutation: Spells you cast may paralyse adjacent
                  | enemies. [demonic ancestry]
  1740 | D:3      | Reached XP level 6. HP: 22/44 MP: 6/6
  2388 | D:3      | Noticed Ijyb
  2399 | D:3      | Killed Ijyb
  2746 | D:4      | Reached skill level 7 in Maces & Flails
  2867 | D:4      | Noticed Natasha
  2871 | D:4      | Killed Natasha
  2903 | D:4      | Found a sparkling altar of Nemelex Xobeh.
  2905 | D:4      | Found a hide-covered altar of Uskayaw.
  2908 | D:4      | Found an iron altar of Okawaru.
  2989 | D:4      | Gained mutation: You have a tail ending in a sharp stinger.
                  | [demonic ancestry]
  2989 | D:4      | Reached XP level 7. HP: 48/50 MP: 7/7
  3004 | D:4      | Found a basalt altar of Yredelemnul.
  3211 | D:4      | Noticed Natasha
  3213 | D:4      | Found a staircase to the Ecumenical Temple.
  3220 | D:4      | Killed Natasha
  3226 | D:4      | Found a shimmering altar of Xom.
  3241 | Temple   | Entered the Ecumenical Temple
  3256 | Temple   | Became a worshipper of Qazlal Stormbringer
  3341 | D:4      | Noticed Natasha
  3352 | D:4      | Killed Natasha
  3981 | D:5      | Entered Level 5 of the Dungeon
  4022 | D:5      | Reached skill level 8 in Maces & Flails
  4478 | D:5      | Found Ucoehac's General Store.
  4513 | D:5      | Reached * piety under Qazlal
  4642 | D:5      | Gained mutation: You regenerate health from kills. [demonic
                  | ancestry]
  4642 | D:5      | Reached XP level 8. HP: 52/61 MP: 8/8
  4789 | D:5      | Found Idipul's Distillery.
  4801 | D:5      | Reached skill level 5 in Fighting
  5639 | D:7      | Noticed Pikel
  5832 | D:6      | Killed Pikel
  5833 | D:6      | Reached XP level 9. HP: 45/69 MP: 9/9
  5867 | D:6      | Learned a level 3 spell: Tukima's Dance
  5972 | D:7      | Reached skill level 1 in Spellcasting
  6016 | D:7      | Identified the +12 mace "Tubal" {venom, rElec}
  6512 | D:8      | Reached skill level 5 in Spellcasting
  6714 | D:8      | Found a staircase to the Lair.
  6763 | D:8      | Reached ** piety under Qazlal
  7047 | D:8      | Learned a level 5 spell: Yara's Violent Unravelling
  7095 | D:8      | Reached skill level 1 in Hexes
  7203 | D:8      | Reached XP level 10. HP: 70/76 MP: 20/20
  7353 | D:8      | Learned a level 2 spell: Scorch
  7356 | D:8      | Learned a level 2 spell: Blink
  7361 | D:8      | Learned a level 4 spell: Flame Wave
  7440 | D:9      | Reached skill level 1 in Fire Magic
  8435 | D:9      | Reached skill level 5 in Fire Magic
  8512 | D:9      | Noticed a centaur warrior
  8524 | D:9      | Shot with an arrow by a centaur warrior

Illustrated notes

Levels and vault maps discovered:
D:1:      minmay_arrival_wavy_path, layout_basic, nicolae_hexahallways,
          minmay_lizard_pond
D:2:      layout_rooms, uniq_jessica
D:3:      layout_basic, uniq_grinder, uniq_ijyb
D:4:      layout_layer_cave, nicolae_overflow_crystal_walls,
          nicolae_yredelemnul_corpse_copse, grunt_temple_overflow_open,
          minmay_temple_entry_tees, uniq_natasha
D:5:      layout_loops_ring, serial_shops, nicolae_shop_behind_doors, shop
D:6:      kennysheep_six_static_rooms, layout_cave_pools,
          kennysheep_decorative_pillar
D:7:      layout_basic, nrook_pool_corridor, uniq_pikel
D:8:      layout_basic, lair_entry_dummy
D:9:      layout_long_grid, mainiacjoe_overflow_concentric_impassable
Temple:   nicolae_temple_ecumenical_triangle

Skill      XL: |  1  2  3  4  5  6  7  8  9 10 |
---------------+-------------------------------+-----
Maces & Flails | 3 4 6 7 8 |  8.0
Fighting       | 4 6 |  6.0
Armour         | 6 |  6.0
Dodging        | 3 |  3.0
Spellcasting   | 7 |  7.0
Hexes          | 1 2 |  2.2
Fire Magic     | 5 |  5.1
Throwing       | |  1.7

Action                     |  1- 3 |  4- 6 |  7- 9 | 10-12 || total
---------------------------+-------+-------+-------+-------++-------
  Melee: Flail             |   166 |   120 |   132 |       ||   418
         Tailslap          |     5 |    19 |    47 |    12 ||    83
         Great mace        |       |       |    86 |       ||    86
         Mace              |       |       |    96 |    66 ||   162
   Cast: Tukima's Dance    |       |       |       |     7 ||     7
         Scorch            |       |       |       |     3 ||     3
    Use: Scroll            |     1 |       |    10 |     2 ||    13
         Potion            |       |       |     3 |       ||     3
   Stab: Sleeping          |     2 |       |       |       ||     2
 Armour: Leather armour    |    16 |       |       |       ||    16
         Ring mail         |    98 |       |       |       ||    98
         Scale mail        |     7 |    57 |   150 |       ||   214
         Steam dragon scal |       |       |    61 |    95 ||   156
  Dodge: Dodged            |   125 |    85 |   319 |    56 ||   585
  Block: Other             |       |       |    19 |     5 ||    24

Table legend: (Time is in decaauts)
 A = Elapsed time spent in this place.
 B = Non-inter-level travel time spent in this place.
 C = Inter-level travel time spent in this place.
 D = Time resting spent in this place.
 E = Time spent auto-exploring this place.
 F = Levels seen in this place.
 G = Mean time per level.
                   A        B        C        D        E       F      G
               +--------+--------+--------+--------+--------+-----+--------+
         Total |   8606 |   8449 |    157 |   1200 |   5543 |  10 |  860.6 |
       Dungeon |   8575 |   8418 |    157 |   1200 |   5543 |   9 |  952.8 |
        Temple |     30 |     30 |      0 |      0 |      0 |   1 |   30.0 |
               +--------+--------+--------+--------+--------+-----+--------+

Top non-repeatable levels by time:
     D:4: 1664 daAuts
     D:8: 1483 daAuts
     D:1: 996 daAuts
     D:3: 935 daAuts
     D:6: 892 daAuts
     D:5: 725 daAuts
     D:7: 692 daAuts
     D:2: 626 daAuts
     D:9: 559 daAuts
  Temple: 30 daAuts
